Map: Dusty Gorge

Players

JING

  • Race: Protoss Protoss
  • Spawn Location: 9:00

Dkira

  • Race: Zerg Zerg
  • League: Platinum
  • Spawn Location: 11:00

Adversity - Winner!

  • Race: Terran Terran
  • Spawn Location: 3:00

Jesse - Winner!

  • Race: Protoss Protoss
  • Spawn Location: 5:00

VOD

Have the link to the VOD?

Description

Time

  • Played on: Oct. 11, 2018, 11:06 a.m.
  • Length: 9:52
Show
View Real Time Build Order
Export as new Build Order

JING Protoss 

Build Orders:  

Get SALT Encoding   

  12  0:05  Probe  
  13  0:17  Probe  
  14  0:22  Pylon  
  14  0:29  Probe  
  15  0:41  Probe  
  15  0:46  Gateway  
  15  0:49  Probe  
  16  0:55  Assimilator  
  17  0:58  Probe  
  18  1:06  Probe  
  19  1:15  Probe  
  19  1:19  Pylon  
  19  1:25  Probe  
  21  1:34  Cybernetics Core  
  21  1:37  Probe  
  22  1:49  Probe  
  23  1:58  Nexus, Probe  
  23  2:00  Assimilator  
  24  2:07  Probe  
  24  2:10  Adept  
  24  2:13  Warp Gate  
  24  2:15  Probe  
  28  2:28  Probe  
  29  2:38  Adept  
  29  2:49  Probe  
  29  2:57  Pylon  
  28  3:02  Probe  
  27  3:10  Probe  
  28  3:14  Probe  
  29  3:22  Probe  
  29  3:24  Forge  
  29  3:25  Probe  
  31  3:30  Stalker, Probe  
  31  3:33  Probe  
  33  3:37  Protoss Ground Weapons Level 1  
  33  3:38  Probe  
  35  3:46  Gateway, Probe  
  35  3:47  Gateway  
  36  3:48  Probe  
  38  3:58  Probe  
  39  4:07  Probe  
  40  4:10  Probe  
  41  4:19  Probe  
  41  4:20  Stalker  
  44  4:26  Probe  
  44  4:29  Pylon  
  45  4:41  Probe x2  
  45  4:42  Stalker  
  45  4:43  Stalker  
  45  4:44  Stalker  
  53  4:50  Pylon  
  53  4:53  Photon Cannon  
  53  4:55  Photon Cannon, Probe x2  
  55  5:02  Twilight Council  
  55  5:06  Stalker  
  57  5:07  Probe  
  57  5:09  Stalker  
  57  5:14  Stalker  
  62  5:22  Protoss Ground Weapons Level 2  
  62  5:27  Pylon  
  62  5:29  Blink  
  62  5:31  Pylon  
  62  5:33  Assimilator  
  62  5:34  Stalker x2  
  66  5:38  Assimilator  
  66  6:03  Stalker  
  66  6:04  Stalker x2  
  72  6:11  Pylon  
  72  6:13  Pylon  
  72  6:19  Gateway  
  72  6:21  Gateway  
  72  6:25  Gateway  
  72  6:31  Stalker x2  
  62  7:01  Gateway  
  62  7:04  Stalker x2  
  62  7:05  Stalker  
  62  7:07  Pylon  
  68  7:11  Pylon  
  68  7:20  Stalker x3  
  74  7:29  Stalker x3  
  80  7:38  Pylon  
  80  7:47  Pylon  
  70  7:55  Stalker x2  
  70  7:56  Stalker x3  
  66  8:24  Cybernetics Core  
  66  8:29  Gateway  
  66  8:40  Zealot x5  
  66  8:41  Zealot  
  76  9:32  Stalker x3  
  76  9:33  Stalker x3  
Show
View Real Time Build Order
Export as new Build Order

Dkira Zerg 

Build Orders: Hatch First 

Get SALT Encoding   

  12  0:04  Drone  
  13  0:11  Drone  
  14  0:18  Overlord  
  14  0:23  Extractor  
  14  0:25  Drone  
  15  0:37  Drone x2  
  17  0:50  Drone  
  18  1:08  Hatchery  
  17  1:14  Spawning Pool  
  17  1:16  Drone  
  17  1:23  Drone, Extractor  
  17  1:24  Drone  
  18  1:33  Drone  
  19  1:45  Overlord  
  19  2:00  Queen  
  21  2:02  Zergling x2  
  21  2:18  Zergling x2  
  21  2:21  Queen  
  24  2:23  Drone x2  
  24  2:26  Metabolic Boost  
  26  2:33  Roach Warren  
  25  2:53  Drone x2  
  25  2:54  Drone x3  
  30  3:04  Drone  
  31  3:11  Drone x2  
  33  3:22  Drone  
  33  3:23  Drone  
  35  3:31  Drone, Overlord  
  36  3:52  Lair  
  36  3:53  Drone  
  36  3:54  Drone x5  
  42  3:56  Extractor  
  41  4:10  Overlord x2, Extractor  
  40  4:38  Hatchery  
  39  4:42  Spore Crawler  
  38  4:47  Spore Crawler  
  38  4:50  Roach x9  
  55  4:53  Glial Reconstitution  
  55  4:56  Overlord  
  55  5:07  Pneumatized Carapace  
  55  5:22  Hydralisk Den  
  53  5:51  Hydralisk  
  53  5:52  Hydralisk x6  
  53  5:54  Overlord x2  
  67  5:58  Drone  
  67  5:59  Drone x4  
  72  6:12  Queen  
  74  6:29  Hydralisk x3  
  80  6:33  Overlord x2  
  80  6:35  Grooved Spines  
  80  6:58  Hydralisk  
  80  6:59  Hydralisk x5  
  92  7:01  Drone  
  92  7:02  Drone x4  
  92  7:08  Overlord, Extractor  
  96  7:09  Overlord  
  96  7:38  Hydralisk x4  
  96  7:41  Drone x4  
  96  7:42  Drone x3  
  111  7:46  Muscular Augments  
  102  8:18  Zergling x20  
  102  8:19  Zergling x6  
  113  8:34  Overlord  
  113  8:35  Overlord x2  
  51  9:47  Baneling Nest  
Show
View Real Time Build Order
Export as new Build Order

Adversity Terran - Winner!

Build Orders: Reaper Expand 

Get SALT Encoding   

  12  0:01  SCV  
  13  0:13  SCV  
  14  0:18  Supply Depot  
  14  0:25  SCV  
  15  0:40  SCV  
  15  0:42  Barracks  
  16  0:46  Refinery  
  16  0:52  SCV  
  18  1:04  SCV  
  18  1:16  SCV  
  19  1:30  Reaper, Orbital Command  
  20  1:44  Command Center  
  20  1:57  SCV  
  20  1:59  Supply Depot  
  21  2:03  Barracks Reactor  
  21  2:12  SCV  
  21  2:15  Barracks  
  22  2:21  Barracks  
  22  2:25  SCV  
  22  2:28  Supply Depot  
  23  2:51  Marine x2  
  26  2:58  Orbital Command  
  26  2:59  Refinery  
  26  3:01  SCV  
  26  3:08  Marine x2  
  26  3:09  Marine, Barracks Tech Lab  
  29  3:17  SCV  
  30  3:26  Marine x2  
  32  3:29  SCV x2  
  32  3:30  Marine x2, Stimpack  
  36  3:37  Factory  
  36  3:42  SCV x2  
  38  3:50  Marine x2  
  38  3:51  Engineering Bay  
  38  3:55  SCV x2  
  42  3:59  Marine x2  
  44  4:07  SCV x2  
  45  4:10  Marine x2  
  45  4:16  Supply Depot, Terran Infantry Weapons Level 1  
  47  4:19  SCV x2  
  50  4:24  Starport  
  50  4:25  Factory Reactor  
  49  4:31  SCV  
  49  4:32  Missile Turret  
  49  4:34  SCV  
  49  4:36  Missile Turret  
  51  4:40  Barracks Reactor  
  51  4:43  SCV  
  52  4:46  SCV  
  52  4:47  Supply Depot  
  52  4:49  Marine x2  
  55  4:52  Marine  
  55  4:56  SCV  
  55  4:58  SCV  
  58  5:02  Barracks  
  58  5:03  Barracks  
  58  5:08  SCV  
  58  5:09  Refinery  
  58  5:10  Refinery  
  59  5:15  SCV  
  59  5:16  Medivac x2  
  59  5:18  Supply Depot  
  59  5:19  Supply Depot  
  59  5:20  SCV  
  65  5:23  Factory Tech Lab  
  65  5:27  SCV  
  66  5:31  Marine x4  
  66  5:32  Supply Depot  
  66  5:33  Combat Shield  
  70  5:39  Marine  
  71  5:46  Supply Depot  
  71  5:48  Supply Depot  
  71  5:49  Marine x2  
  73  5:52  Barracks Reactor  
  73  5:54  Siege Tank  
  76  6:04  Marine x2  
  76  6:09  Supply Depot x2  
  76  6:10  Barracks Reactor  
  78  6:13  Medivac x2  
  82  6:20  Terran Infantry Armor Level 1  
  82  6:24  Marine x2  
  84  6:30  Supply Depot x2  
  84  6:31  SCV  
  85  6:36  Marine x2  
  85  6:37  Marine x3  
  89  6:42  Marine  
  81  6:51  Marine x3  
  81  6:53  Medivac x2  
  81  6:54  Marine x2, Siege Tank  
  85  6:55  Marine  
  85  7:01  Marine x2  
  90  7:07  Marine  
  91  7:08  Marine  
  91  7:09  Marine x2  
  94  7:20  Armory, Engineering Bay  
  94  7:23  Marine x2  
  94  7:24  Marine x2  
  94  7:25  Marine x2, Command Center  
  94  7:28  Siege Tank  
  103  7:30  SCV x2  
  103  7:34  Marine x3  
  108  7:41  Marine x2  
  108  7:42  Marine  
  111  7:46  Liberator x2  
  107  7:55  Marine  
  107  7:56  Marine x2  
  110  8:02  Marine x5  
  121  8:06  Marine  
  116  8:13  Marine  
  116  8:14  Marine x2  
  118  8:24  Siege Tank  
  118  8:25  SCV  
  118  8:26  SCV  
  123  8:39  Marine x7  
  123  8:40  Marine  
  131  8:47  Orbital Command  
  131  8:48  SCV x2  
  133  8:50  Marine  
  134  8:55  Supply Depot  
  134  8:56  Marine  
  134  8:57  Marine x2, Siege Tank  
  135  9:22  Marine  
  135  9:23  Marine  
  128  9:25  Marine x2  
  128  9:26  SCV x3  
  128  9:27  Marine x3  
  133  9:32  Marine x2  
Show
View Real Time Build Order
Export as new Build Order

Jesse Protoss - Winner!

Build Orders: Phoenix Opening 

Get SALT Encoding   

  1  0:00  Probe  
  12  0:05  Probe  
  14  0:15  Probe  
  15  0:27  Pylon  
  15  0:40  Assimilator  
  15  0:45  Probe  
  15  0:46  Gateway  
  16  0:56  Probe  
  16  1:02  Gateway  
  17  1:04  Probe  
  18  1:12  Probe  
  19  1:28  Probe  
  20  1:34  Cybernetics Core  
  20  1:35  Zealot  
  22  1:40  Pylon  
  22  1:49  Probe  
  23  1:56  Assimilator  
  23  2:09  Probe  
  23  2:14  Stargate  
  24  2:16  Gateway  
  24  2:21  Probe  
  25  2:26  Stalker  
  27  2:35  Stalker  
  29  2:45  Pylon  
  29  2:58  Phoenix  
  31  3:03  Stalker  
  33  3:12  Stalker  
  35  3:20  Stalker  
  37  3:34  Warp Gate  
  37  3:48  Nexus, Probe  
  38  3:57  Pylon  
  38  4:14  Probe  
  39  4:24  Probe  
  40  4:32  Probe  
  41  4:42  Probe, Pylon  
  42  4:53  Stalker, Probe, Phoenix  
  47  5:00  Stalker, Probe  
  47  5:01  Probe  
  51  5:08  Probe  
  51  5:09  Probe  
  53  5:18  Probe  
  53  5:20  Probe  
  55  5:29  Probe, Phoenix  
  55  5:31  Probe  
  59  5:38  Probe  
  60  5:43  Probe  
  60  5:47  Assimilator  
  61  5:51  Stalker x3  
  61  5:52  Phoenix  
  61  5:55  Probe  
  70  6:05  Pylon  
  70  6:17  Phoenix  
  70  6:23  Probe x2, Pylon  
  74  6:38  Phoenix  
  74  6:45  Assimilator  
  76  6:48  Stalker x3  
  82  6:57  Probe, Pylon  
  83  7:39  Phoenix  
  85  7:44  Fleet Beacon  
  85  8:04  Phoenix  
  85  8:23  Stalker x3, Stargate  
  91  8:29  Phoenix  
  93  8:39  Graviton Catapult, Stargate  
  93  9:04  Nexus  
  89  9:27  Stalker x2  
  93  9:33  Pylon  
  93  9:38  Pylon  
Tags
 
Add a new tag
Caveats
  • Supply blocks, unpowered buildings, or Contaminate may cause inaccurate times.
  • Supply counts are checked every 10 seconds.